 Dungeon Crawl Stone Soup version 0.30.0-5-g1a98f26d00 (webtiles) character file.

Game seed: 8838774514191352331

164365 jimonade the Spry (level 18, -4/129 HPs)
             Began as a Kobold Brigand on May 9, 2023.
             Was an Elder of Ashenzari.
             Succumbed to a deep elf annihilator's poison arrow
             ... on level 3 of the Elven Halls.
             The game lasted 02:39:34 (43531 turns).

jimonade the Spry (Kobold Brigand)                 Turns: 43531, Time: 02:39:35

Health: -4/129     AC: 19    Str:  8    XL:     18   Next: 48%
Magic:  2/28       EV: 29    Int: 15    God:    Ashenzari [****..]
Gold:   2953       SH:  0    Dex: 22    Spells: 31/31 levels left

rFire   . . .        b - +11 Screaming Sword {sonic wave}
rCold   . . .        (shield currently unavailable)
rNeg    . . .        X - +2 ring mail "Enlightened Chagrin" {Will+, Cun, Fort} (curse)
rPois   .            B - +2 hat of the Tethered Suspicion {SInv, Cun, Alch} (curse)
rElec   .            D - scarf "Eternal Seeker" {+Inv, Fly, Evo, Cun} (curse)
rCorr   .            R - +0 pair of gloves "Shackled Together" {Self, Evo} (curse)
SInv    +            y - +0 pair of boots "Thunder Perfect Mind" {Cun, Alch} (curse)
Will    +++..        Y - amulet "Cryptic Affliction" {Spirit, Cun, Elem} (curse)
Stlth   ++++++++     k - ring "Ensconced Together" {AC+4, Melee, Self} (curse)
HPRegen 0.41/turn    x - ring of willpower
MPRegen 0.21/turn

%: clarity, guardian spirit
@: lethally poisoned (-4 -> -23), about to teleport, flying, unable to drink
A: small, no large weapons, nightstalker 3, inability to drink after injury 1
a: Renounce Religion, Evoke Invisibility, Curse Item, Shatter the Chains


You were on level 3 of the Elven Halls.
You worshipped Ashenzari.
Ashenzari was greatly pleased with you.
You visited 5 branches of the dungeon, and saw 26 of its levels.
You also visited: Gauntlet.

You collected 3178 gold pieces.
You spent 225 gold pieces at shops.

Inventory:

Hand Weapons
 a - a +2 dagger of venom
 b - the +11 Screaming Sword (weapon) {sonic wave}
   (You found it in a Gauntlet)
 c - the +11 sling of Kutol {drain, Int+3 Dex+6}
   (You found it in a Gauntlet)

   Int:       It affects your intelligence (+3).
   Dex:       It affects your dexterity (+6).
 C - a +2 short sword of electrocution
 U - a +1 scimitar of flaming
Missiles
 G - 4 curare-tipped darts
 L - 3 throwing nets (quivered)
Armour
 d - a +4 ring mail of cold resistance
 e - a +0 helmet of see invisible
 y - the cursed +0 pair of boots "Thunder Perfect Mind" (worn) {Cun, Alch}
   (You found it on level 4 of the Dungeon)

   It has a curse which improves the following skills: Cunning: Dodging and
   Stealth.
   Alchemy:   Poison Magic and Transmutations.
 B - the cursed +2 hat of the Tethered Suspicion (worn) {SInv, Cun, Alch}
   (You found it on level 6 of the Dungeon)

   It has a curse which improves the following skills: Cunning: Dodging and
   Stealth.
   Alchemy:   Poison Magic and Transmutations.
 D - the cursed scarf "Eternal Seeker" (worn) {+Inv, Fly, Evo, Cun}
   (You found it on level 2 of the Lair of Beasts)

   Fly:       It grants you flight.
   It has a curse which improves the following skills: Evocations: Evocations.
   Cunning:   Dodging and Stealth.
 R - the cursed +0 pair of gloves "Shackled Together" (worn) {Self, Evo}
   (You found it on level 6 of the Dungeon)

   It has a curse which improves the following skills: Introspection: Fighting
   and Spellcasting.
   Evocations: Evocations.
 X - the cursed +2 ring mail "Enlightened Chagrin" (worn) {Will+, Cun, Fort}
   (You took it off an orc on level 6 of the Dungeon)

   It has a curse which improves the following skills: Cunning: Dodging and
   Stealth.
   Fortitude: Armour and Shields.
Jewellery
 i - the ring "Ystrovang" {rC+ Str+2}
   (You found it in a Gauntlet)

   [ring of protection from cold]

   Str:       It affects your strength (+2).
   rC:        It protects you from cold.
 k - the cursed ring "Ensconced Together" (left hand) {AC+4, Melee, Self}
   (You found it on level 2 of the Dungeon)

   [ring of protection]

   AC:        It affects your AC (+4).
   It has a curse which improves the following skills: Melee Combat: Short
   Blades, Long Blades, Axes, Maces & Flails, Polearms, Staves and Unarmed
   Combat.
   Introspection: Fighting and Spellcasting.
 n - a ring of resist corrosion
 x - a ring of willpower (right hand)
 O - a ring of protection from fire
 V - a ring of positive energy
 Y - the cursed amulet "Cryptic Affliction" (around neck) {Spirit, Cun, Elem}
   (You found it on level 13 of the Dungeon)

   [amulet of guardian spirit]

   It causes incoming damage to be divided between your reserves of health and
   magic.
   It has a curse which improves the following skills: Cunning: Dodging and
   Stealth.
   Elements:  Fire Magic, Ice Magic, Air Magic and Earth Magic.
Wands
 l - a wand of digging (8)
 r - a wand of charming (23)
 F - a wand of acid (22)
 H - a wand of mindburst (5)
 P - a wand of polymorph (10)
 T - a wand of flame (30)
Scrolls
 g - 7 scrolls of fog
 j - 7 scrolls of poison
 m - 2 scrolls of enchant weapon
 o - 11 scrolls of teleportation
 p - a scroll of brand weapon
 s - 6 scrolls of enchant armour
 u - 3 scrolls of immolation
 E - 2 scrolls of butterflies
 N - 5 scrolls of blinking
 Q - 6 scrolls of magic mapping
 Z - 4 scrolls of amnesia
Potions
 f - 9 potions of flight
 h - 5 potions of haste
 q - 3 potions of heal wounds
 t - 7 potions of lignification
 v - 4 potions of resistance
 w - 7 potions of might
 z - 20 potions of curing
 A - 4 potions of attraction
 I - 5 potions of berserk rage
 J - a potion of ambrosia
 K - a potion of cancellation
 W - a potion of invisibility


   Skills:
 - Level 17.7(20.2) Fighting
 - Level 9.8(15.1) Short Blades
 + Level 10.3(12.7) Long Blades
 + Level 2.2 Ranged Weapons
 - Level 5.7 Throwing
 + Level 12.3(14.1) Armour
 - Level 19.3(24.0) Dodging
 - Level 14.8(19.8) Stealth
 + Level 4.5(7.1) Spellcasting
 * Level 13.6(16.2) Evocations


You had 31 spell levels left.
You didn't know any spells.
Your spell library contained the following spells:

 Spells                   Type           Power      Damage    Failure   Level
 Necrotise                Necr           20%        1d5       28%         1
 Ozocubu's Armour         Ice            5%         N/A       63%         3
 Vhi's Electric Charge    Tloc/Air       10%        N/A       63%         3
 Volatile Blastmotes      Fire/Tloc      10%        2d10      63%         3
 Dazzling Flash           Conj/Hex       10%        N/A       65%         3
 Gell's Gravitas          Tloc           5%         N/A       65%         3
 Teleport Other           Tloc           5%         N/A       65%         3
 Vampiric Draining        Necr           5%         2d6       65%         3
 Summon Lightning Spire   Summ/Air       5%         N/A       95%         4
 Anguish                  Hex/Necr       2%         N/A       96%         4
 Cause Fear               Hex            2%         N/A       96%         4
 Iskenderun's Mystic Bla  Conj/Tloc      5%         2d3       96%         4
 Agony                    Necr           5%         N/A       100%        5
 Arcjolt                  Conj/Air       2%         1d12      100%        5
 Dispersal                Tloc           2%         N/A       100%        6
 Simulacrum               Ice/Necr       2%         N/A       100%        6
 Starburst                Conj/Fire      2%         6d3       100%        6
 Dragon Form              Tmut           3%         N/A       100%        7
 Enfeeble                 Hex            2%         N/A       100%        7
 Malign Gateway           Summ/Tloc      2%         N/A       100%        7
 Ozocubu's Refrigeration  Ice            2%         4d8       100%        7
 Storm Form               Tmut/Air       3%         N/A       100%        7
 Maxwell's Capacitive Co  Air            2%         ∞         100%        8
 Summon Horrible Things   Summ           2%         N/A       100%        8
 Dragon's Call            Summ           2%         N/A       100%        9
 Polar Vortex             Ice            2%         N/A       100%        9


Dungeon Overview and Level Annotations

Branches:
Dungeon (15/15)            Temple (1/1) D:5            Lair (5/5) D:8
 Shoals (0/4) Lair:2       Spider (0/4) Lair:2        Slime (0/5) Lair:4
    Orc (2/2) D:12            Elf (3/3) Orc:2        Vaults (0/5) D:13
 Depths (0/4) D:15        Gauntlet (visited)

Altars:
Ashenzari
Cheibriados
Dithmenos
Elyvilon
Fedhas
Gozag
Hepliaklqana
Kikubaaqudgha
Makhleb
Nemelex Xobeh
Okawaru
Qazlal
Ru
Sif Muna
Trog
Uskayaw
Vehumet
Wu Jian
Xom
Yredelemnul
Zin
The Shining One
Jiyva

Shops:
D:4 ?   D:7 !   Orc:1 [=   Orc:2 ([*:

Portals:
Trove: Elf:2 (give +2 gold dragon scales)

Annotations:
D:12 2 transporters, Kirke; Lytaqeus's ghost, journeyman GnWn
D:13 1 transporter, Xeymp's ghost, journeyman SpEn
Elf:1 exclusion: deep elf zephyrmancer, Roxanne
Elf:2 3 runed translucent doors, exclusion: obsidian statue, Puq Cuid's ghost, adept KoAK


Innate Abilities, Weirdness & Mutations

You are small and have problems with some larger weapons.
You are completely attuned to the shadows.
You occasionally lose the ability to drink potions when taking damage.


Message History

You are no longer poisoned.
Some walls begin to move on their own!
You hear a shout! x6
You are too injured to fight recklessly!
You are too injured to fight recklessly!
You slice the deep elf annihilator!!
The deep elf annihilator is heavily wounded.
The earth elemental completely misses you.
The deep elf annihilator mumbles some strange words.
The deep elf annihilator blinks!
The deep elf high priest mumbles some strange prayers to its god.
The deep elf high priest begins emitting a brilliant aura!
As you read the scroll of teleportation, it crumbles to dust.
You feel strangely unstable.
The deep elf annihilator points at you and mumbles some strange words.
The poison arrow hits you!!!
You are poisoned.
You feel threatened and lose the ability to drink potions!
* * * LOW HITPOINT WARNING * * *
You cannot drink potions in your current state!
You cannot drink potions in your current state!
Unknown command.
Unknown command.
You slash the deep elf annihilator!
The deep elf annihilator is severely wounded.
* * * LOW HITPOINT WARNING * * *
You feel very sick. The earth elemental closely misses you.
As you read the scroll of fear, it crumbles to dust.
You assume a fearsome visage.
The earth elemental is unaffected.
The deep elf annihilator easily resists.
The earth elemental is unaffected.
The deep elf death mage easily resists.
The deep elf elementalist resists with almost no effort.
The earth elemental is unaffected. x3
* * * LOW HITPOINT WARNING * * *
You feel very sick.
The deep elf annihilator casts a spell.
The deep elf annihilator blinks!
Okay, then.
You die...

#####* , * ,,..{....{.,,
*, * .### ∆ , ..{..{§.{
,, , ...## * ,, *#..ee.#*
,* ....# *** ,*##.## { ,
* ...## * ,, #{{e#∆∆, *
.#### * #.{.#{∆** ....#
#{ee#
##################e######
# #..........##@eEE.##.#
# #.###.......##eEE.##.#
# #.##.........{E### #.#
## #)#...).......## #.#
.###..).).###|...######.#
..##.###..# #....<......#
<...## ##.###...#########
....# #......## ....#
##....##


You could see a deep elf annihilator (empowered), a deep elf death mage
(empowered), a deep elf elementalist (empowered, repels missiles), a deep elf
high priest (brilliance aura) and 5 earth elementals.

Vanquished Creatures
  Rupert (Lair:3)
  A deep elf blademaster (Elf:2)
  2 deep elf sorcerers (Elf:3)
  A ghost moth (shapeshifter) (Elf:3)
  An ironbound preserver (D:12)
  A stone giant (D:15)
  Nessos (D:14)
  A deep elf demonologist (Elf:3)
  2 minotaurs
  A deep elf annihilator (Elf:3)
  A deep elf death mage (Elf:3)
  Snorg (Orc:2)
  An entropy weaver (shapeshifter) (D:14)
  The ghost of Luagal the Fighter, a journeyman DrDe of Sif Muna (Lair:3)
  Fannar (Lair:2)
  The ghost of Duaji the Blocker, a journeyman GrFi of Okawaru (Lair:2)
  3 deep elf high priests (Elf:3)
  An ogre mage (D:15)
  Harold (D:10)
  5 centaur warriors
  3 hydras
  Erica (D:8)
  10 two-headed ogres
  4 catoblepae
  13 death yaks
  3 boulder beetles
  4 tengu warriors
  32 dancing weapons
  Urug (D:13)
  5 orc high priests (Orc:2)
  17 deep elf knights
  Lodul (D:10)
  4 skysharks
  A deep troll (shapeshifter) (D:14)
  13 deep elf archers
  31 deep elf zephyrmancers
  20 deep elf pyromancers
  4 harpies (Lair:2)
  2 orc sorcerers
  8 orc knights
  An ugly thing (D:12)
  5 manticores
  12 elephants
  6 cyclopes
  6 black mambas
  2 guardian serpents (shapeshifter)
  Maurice (D:10)
  A gargoyle (D:12)
  3 rime drakes
  12 cane toads
  2 torpor snails
  16 komodo dragons
  2 trolls
  3 meliai (D:14)
  A wind drake (shapeshifter) (Elf:2)
  Prince Ribbit (D:5)
  6 polar bears
  3 hornets
  6 blink frogs
  7 dream sheep
  2 culicivoras (Lair:2)
  2 centaur simulacra (Gauntlet)
  9 slime creatures (D:13)
  2 shadows (D:12)
  Sigmund (D:6)
  6 air elementals
  A vampire (D:11)
  Eustachio (D:5)
  3 wyverns
  A basilisk (Lair:3)
  63 yaks
  A neqoxec (Gauntlet)
  3 fire elementals
  A steam dragon (D:8)
  A golden eye (shapeshifter) (D:15)
  2 chaos spawn (Gauntlet)
  8 vampire mosquitoes
  19 water moccasins
  2 wargs
  2 acid dragons
  38 orc warriors
  An ice beast (D:7)
  3 black bears
  12 ogres
  3 boggarts (D:15)
  8 centaurs
  A phantom (D:4)
  3 kobold brigands
  Blork the orc (D:5)
  7 bullfrogs
  A cane toad simulacrum (Gauntlet)
  2 earth elementals
  2 gnoll sergeants
  A necrophage (D:4)
  2 scorpions
  9 wights
  6 killer bees (D:10)
  2 howler monkeys
  A centaur zombie (D:4)
  A human zombie (D:4)
  31 orc priests
  5 scorpion zombies (D:4)
  An iguana (D:6)
  17 orc wizards
  4 hell rats
  A hound zombie (D:4)
  A mummy (D:4)
  6 gnolls
  10 adders
  2 ufetubi
  An adder zombie (D:4)
  3 dart slugs
  104 orcs
  5 endoplasms
  A giant cockroach (D:2)
  6 goblins
  2 hobgoblins (D:4)
  4 jackals (D:4)
  17 kobolds
  4 quokkas
  11 ball pythons
  3 bats
  2 frilled lizards (D:2)
  7 rats
783 creatures vanquished.

Vanquished Creatures (collateral kills)
  2 death yaks (Lair:4)
2 creatures vanquished.

Vanquished Creatures (others)
  A deep elf knight (Elf:2)
  A deep elf pyromancer (Elf:2)
  2 blink frogs (Lair:4)
4 creatures vanquished.

Grand Total: 789 creatures vanquished

Notes
Turn   | Place    | Note
-------+----------+-------------------------------------------
     0 | D:1      | jimonade the Kobold Brigand began the quest for the Orb.
     0 | D:1      | Reached XP level 1. HP: 12/12 MP: 1/1
   141 | D:1      | Reached XP level 2. HP: 18/18 MP: 2/2
   191 | D:1      | You fall into a shaft and drop 1 floor!
   413 | D:2      | Reached XP level 3. HP: 22/22 MP: 3/3
  1130 | D:3      | Reached XP level 4. HP: 27/27 MP: 4/4
  1351 | D:3      | Found a white marble altar of Elyvilon.
  1351 | D:3      | Found a glowing golden altar of the Shining One.
  1352 | D:3      | Found a glowing silver altar of Zin.
  1660 | D:3      | Reached XP level 5. HP: 31/31 MP: 5/5
  2001 | D:4      | Found Jal Keol's Magic Scroll Shop.
  2018 | D:4      | Bought a scroll of identify for 28 gold pieces
  2018 | D:4      | Bought a scroll of identify for 28 gold pieces
  2242 | D:4      | Reached XP level 6. HP: 36/36 MP: 6/6
  2297 | D:4      | Reached XP level 7. HP: 40/40 MP: 7/7
  2298 | D:4      | Found an ancient bone altar of Kikubaaqudgha.
  2317 | D:4      | Reached skill level 2 in Dodging
  2317 | D:4      | Reached skill level 10 in Stealth
  2442 | D:4      | Reached skill level 5 in Short Blades
  2730 | D:5      | Entered Level 5 of the Dungeon
  2733 | D:5      | Found a broken altar of Ashenzari.
  2738 | D:5      | Noticed Eustachio
  2742 | D:5      | Killed Eustachio
  2743 | D:5      | Reached XP level 8. HP: 46/46 MP: 8/8
  2796 | D:5      | Found a staircase to the Ecumenical Temple.
  2808 | Temple   | Entered the Ecumenical Temple
  3208 | D:5      | Noticed Blork the orc
  3212 | D:5      | Killed Blork the orc
  3329 | D:5      | Noticed Prince Ribbit
  3346 | D:5      | Killed Prince Ribbit
  3500 | D:5      | Reached skill level 1 in Armour
  3502 | D:5      | Reached skill level 3 in Dodging
  4282 | D:5      | Became a worshipper of Ashenzari the Shackled
  4354 | D:6      | Reached XP level 9. HP: 52/52 MP: 9/9
  5115 | D:6      | Found a runed translucent door.
  5484 | D:6      | Noticed Sigmund
  5487 | D:6      | Killed Sigmund
  5792 | D:6      | Reached skill level 4 in Dodging
  6712 | D:7      | Found Yxeid's Distillery.
  6732 | D:7      | Bought a potion of haste for 130 gold pieces
  6732 | D:7      | Bought a potion of curing for 39 gold pieces
  6778 | D:7      | Reached XP level 10. HP: 58/58 MP: 10/10
  7264 | D:7      | Reached skill level 5 in Dodging
  7541 | D:8      | Reached skill level 5 in Fighting
  7760 | D:8      | Noticed Erica
  7790 | D:8      | Killed Erica
  7877 | D:8      | Found an opulent altar of Gozag.
  7996 | D:8      | Found a staircase to the Lair.
  8158 | D:8      | Found a shadowy altar of Dithmenos.
  8158 | D:8      | Found a hide-covered altar of Uskayaw.
  8596 | Lair:1   | Entered Level 1 of the Lair of Beasts
  8666 | Lair:1   | Reached * piety under Ashenzari
  8666 | Lair:1   | Identified a scroll of acquirement
  8667 | Lair:1   | Acquired a manual of Fighting
  8720 | Lair:1   | Reached skill level 1 in Long Blades
  8832 | Lair:1   | Noticed a cane toad
  8834 | Lair:1   | Noticed a komodo dragon
  9079 | Lair:1   | Killed a cane toad
  9177 | Lair:1   | Noticed a komodo dragon
  9181 | Lair:1   | Killed a komodo dragon
  9458 | Lair:1   | Killed a komodo dragon
  9770 | Lair:2   | Noticed a komodo dragon
  9775 | Lair:2   | Killed a komodo dragon
  9776 | Lair:2   | Reached XP level 11. HP: 68/68 MP: 11/11
  9807 | Lair:2   | Noticed Fannar
  9884 | Lair:2   | Reached skill level 5 in Armour
  9928 | Lair:2   | Noticed a death yak
  9930 | Lair:2   | Noticed an elephant
  9971 | Lair:2   | Noticed an elephant
  9972 | Lair:2   | Noticed an elephant
 10017 | Lair:1   | HP: 2/68 [poisoned by a cane toad]
 10034 | Lair:1   | Reached skill level 6 in Dodging
 10341 | D:9      | Noticed a two-headed ogre
 10443 | D:9      | Killed a two-headed ogre
 11278 | D:9      | Identified the Octavo of Retrieval
 11280 | D:9      | Found a bloodstained altar of Trog.
 11416 | D:10     | Entered Level 10 of the Dungeon
 11601 | D:9      | Reached skill level 10 in Fighting
 11625 | D:10     | Reached skill level 7 in Dodging
 11905 | D:10     | Noticed Harold
 11909 | D:10     | Killed Harold
 12137 | D:10     | Reached XP level 12. HP: 80/80 MP: 12/12
 12322 | D:10     | Noticed Maurice
 12324 | D:10     | Killed Maurice
 13205 | D:11     | Found a sparkling altar of Nemelex Xobeh.
 13265 | D:11     | Noticed a boulder beetle
 13269 | D:11     | Killed a boulder beetle
 13270 | D:11     | Reached skill level 8 in Dodging
 13415 | D:12     | Found a staircase to the Orcish Mines.
 13423 | D:12     | Reached ** piety under Ashenzari
 13895 | D:12     | Noticed Kirke
 13977 | D:11     | Identified the cursed +0 cloak of Ouranomancy {Elem, Cun}
 13977 | D:11     | Identified the cursed +0 pair of gloves "Shackled Together"
                  | {Self, Evo} (You found it on level 6 of the Dungeon)
 13977 | D:11     | Identified the cursed +0 pair of boots "Thunder Perfect
                  | Mind" {Cun, Alch} (You found it on level 4 of the Dungeon)
 14254 | D:12     | Noticed a boulder beetle
 14259 | D:12     | Killed a boulder beetle
 14434 | D:12     | Found a transporter.
 14439 | D:12     | Noticed Lytaqeus's ghost (journeyman GnWn)
 15117 | D:12     | Found a transporter.
 15287 | D:12     | Identified the +9 rapier of Pisset Hisaj {flame, Int+9
                  | Stlth-}
 15287 | D:12     | Noticed a skeletal warrior
 15675 | D:13     | Reached skill level 9 in Dodging
 15928 | D:13     | Noticed a two-headed ogre
 15931 | D:13     | Identified the +7 dire flail of Axir {venom, Str+4}
 15931 | D:13     | Noticed a two-headed ogre
 15931 | D:13     | Noticed a two-headed ogre
 15934 | D:13     | Found a transporter.
 15934 | D:13     | Noticed Xeymp's ghost (journeyman SpEn)
 15937 | D:13     | Noticed a two-headed ogre
 15938 | D:13     | Noticed a two-headed ogre
 15939 | D:13     | Noticed a two-headed ogre
 15940 | D:13     | Noticed a two-headed ogre
 16034 | D:13     | Noticed a boulder beetle
 16049 | D:13     | Killed a boulder beetle
 16050 | D:13     | Reached skill level 1 in Spellcasting
 16301 | D:13     | Noticed an ironbound preserver
 16309 | D:13     | Noticed a centaur warrior
 16353 | D:12     | Reached XP level 13. HP: 78/91 MP: 14/16
 16464 | D:12     | Killed an ironbound preserver
 17600 | Lair:2   | Reached skill level 10 in Dodging
 17689 | Lair:2   | Reached skill level 15 in Fighting
 18018 | Lair:2   | Found a shimmering altar of Xom.
 18484 | Lair:2   | Found a staircase to the Shoals.
 18619 | Lair:2   | Identified the scarf of Ozecir {+Inv, Fly}
 18704 | Lair:2   | Noticed a catoblepas
 19161 | Lair:2   | Found a runed translucent door.
 19163 | Lair:2   | Noticed Duaji's ghost (journeyman GrFi)
 19168 | Lair:2   | Killed Duaji's ghost
 19511 | Lair:2   | Killed a catoblepas
 19698 | Lair:2   | Killed Fannar
 19756 | Lair:2   | Reached XP level 14. HP: 100/100 MP: 22/22
 19770 | Lair:2   | Found a hole to the Spider Nest.
 20027 | Lair:3   | Reached skill level 11 in Dodging
 20078 | Lair:3   | Reached skill level 1 in Evocations
 20184 | Lair:3   | Found a runed translucent gate.
 20185 | Lair:3   | Found a runed translucent gate.
 20186 | Lair:3   | Found a runed translucent gate.
 20631 | Lair:3   | Noticed Rupert
 20647 | Lair:3   | Killed Rupert
 20674 | Lair:3   | Noticed a minotaur
 20675 | Lair:3   | Noticed Luagal's ghost (journeyman DrDe)
 20677 | Lair:3   | Identified the ring "Buluz" {Ice +Blink Str+2 Stlth+}
 21525 | Lair:3   | Killed a minotaur
 21594 | Lair:3   | Killed Luagal's ghost
 21761 | Lair:4   | Found a viscous altar of Jiyva.
 21763 | Lair:4   | Found a staircase to the Slime Pits.
 22312 | Lair:4   | Reached skill level 12 in Dodging
 22326 | Lair:4   | Reached skill level 5 in Throwing
 22791 | Lair:4   | Reached skill level 10 in Armour
 23504 | Lair:5   | Entered Level 5 of the Lair of Beasts
 23527 | Lair:5   | Reached skill level 13 in Dodging
 23573 | Lair:5   | Reached skill level 5 in Evocations
 24431 | D:13     | Found a gate to the Vaults.
 24478 | D:13     | Reached XP level 15. HP: 69/107 MP: 15/23
 24617 | D:13     | Noticed Urug
 24743 | D:13     | Killed Urug
 24856 | D:13     | Reached skill level 14 in Dodging
 24867 | D:13     | Reached *** piety under Ashenzari
 25167 | D:14     | Reached **** piety under Ashenzari
 25391 | D:14     | Noticed Nessos
 25395 | D:14     | Killed Nessos
 26804 | Lair:5   | Reached skill level 15 in Dodging
 27031 | Lair:5   | Reached skill level 5 in Long Blades
 28698 | Lair:3   | Reached skill level 16 in Dodging
 28841 | Orc:1    | Entered Level 1 of the Orcish Mines
 29686 | Orc:1    | Found Koohanul's Jewellery Shop.
 29754 | Orc:1    | Found Hyij's Armour Emporium.
 30263 | Orc:2    | Entered Level 2 of the Orcish Mines
 30747 | Orc:2    | Reached XP level 16. HP: 116/116 MP: 25/25
 30757 | Orc:2    | Noticed Snorg
 30759 | Orc:2    | Found a staircase to the Elven Halls.
 31204 | Orc:2    | Killed Snorg
 32429 | Orc:2    | Reached skill level 17 in Dodging
 32943 | Orc:2    | Found Palopeush's Antique Armour Boutique.
 32945 | Orc:2    | Found Poesor's General Store.
 32946 | Orc:2    | Found Azxuuz's Book Shop.
 32946 | Orc:2    | Found Azaecam's Antique Weapon Shop.
 33034 | Elf:1    | Entered Level 1 of the Elven Halls
 33501 | Elf:1    | Reached skill level 18 in Dodging
 33531 | Elf:1    | Identified Roxanne's Folio of Transfiguration
 33531 | Elf:1    | Noticed Roxanne
 33914 | Elf:1    | Reached skill level 19 in Dodging
 34474 | Elf:2    | Found a portal to a secret trove of treasure.
 34498 | Elf:2    | Found a runed translucent gate.
 34499 | Elf:2    | Found a runed translucent gate.
 34755 | Elf:2    | Paralysed by an air elemental for 1 turns
 34760 | Elf:2    | Paralysed by an air elemental for 1 turns
 34773 | Elf:2    | Paralysed by an air elemental for 1 turns
 34860 | Elf:2    | Reached skill level 10 in Evocations
 35344 | D:10     | Noticed Lodul
 35608 | D:10     | Killed Lodul
 36874 | D:15     | Entered Level 15 of the Dungeon
 36987 | D:15     | Reached XP level 17. HP: 122/122 MP: 26/26
 37073 | D:15     | Found a gate leading to a gauntlet.
 37079 | Gauntlet | Entered a Gauntlet
 37079 | Gauntlet | Found a transporter.
 37091 | Gauntlet | Found a transporter.
 37106 | Gauntlet | Found a transporter.
 37112 | Gauntlet | Found a transporter.
 37128 | Gauntlet | Identified the ring "Idapseje" {Fly rPois Str+4 Int+3}
 37134 | Gauntlet | Found a transporter.
 37146 | Gauntlet | Found a transporter.
 37158 | Gauntlet | Found a transporter.
 37183 | Gauntlet | Found a transporter.
 37185 | Gauntlet | Identified the ring "Inay" {rElec rPois Str+2 Dex-5 SInv}
 37193 | Gauntlet | Found the +11 Singing Sword {sonic wave}
 37195 | Gauntlet | Found a transporter.
 37197 | Gauntlet | Identified the ring "Ystrovang" {rC+ Str+2}
 37207 | Gauntlet | Found a transporter.
 37229 | Gauntlet | Found a transporter.
 37241 | Gauntlet | Found a transporter.
 37250 | Gauntlet | Found a transporter.
 37273 | Gauntlet | Found a transporter.
 37299 | Gauntlet | Found a transporter.
 37560 | Gauntlet | Found a transporter.
 37560 | Gauntlet | Identified the +11 sling of Kutol {drain, Int+3 Dex+6}
 37564 | Gauntlet | Found a transporter.
 37569 | Gauntlet | Found a transporter.
 37679 | Gauntlet | Gained mutation: You occasionally lose the ability to drink
                  | potions when taking damage. [a neqoxec]
 37887 | Gauntlet | Found the +18 shield of the Gong {Loud rN+ Will+ rCorr
                  | EV-5}
 37945 | D:15     | Found a staircase to the Depths.
 38265 | D:15     | Found a shadowy altar of Dithmenos.
 40110 | Elf:2    | Paralysed by an air elemental for 1 turns
 40552 | Elf:2    | Found a runed translucent gate.
 40553 | Elf:2    | Found an opulent altar of Gozag.
 40553 | Elf:2    | Noticed Puq Cuid's ghost (adept KoAK)
 41277 | Elf:2    | Found a runed translucent gate.
 41278 | Elf:2    | Found a runed translucent gate.
 41278 | Elf:2    | Found a runed translucent gate.
 41380 | Elf:2    | Reached skill level 1 in Ranged Weapons
 41858 | Elf:2    | Reached XP level 18. HP: 105/111 MP: 28/28
 41858 | Elf:2    | Noticed a deep elf blademaster
 41864 | Elf:2    | Killed a deep elf blademaster
 42179 | Elf:3    | Entered Level 3 of the Elven Halls
 43062 | Elf:3    | Reached skill level 10 in Long Blades
 43221 | Elf:3    | Paralysed by an air elemental for 1 turns
 43516 | Elf:3    | Identified the +8 falchion "Myinu" {speed, rElec rC- Int+2}
 43529 | Elf:3    | HP: 6/129 [poisoned by a deep elf annihilator (poison
                  | arrow)]
 43530 | Elf:3    | HP: 1/129 [poisoned by a deep elf annihilator (poison
                  | arrow)]
 43531 | Elf:3    | Succumbed to a deep elf annihilator's poison arrow

Illustrated notes

Levels and vault maps discovered:
D:1:      dpeg_arrival_castle, layout_rooms
D:2:      layout_basic, kennysheep_big_empty_room
D:3:      layout_basic, good_gods_temple_1, minmay_snake_closets
D:4:      layout_basic, lemuel_mausoleum_altar_kikubaaqudgha, serial_shops,
          shop, chequers_mini_garden
D:5:      layout_basic, ashenzari_altar_1, minmay_temple_entry_arrows,
          uniq_prince_ribbit1, uniq_eustachio, uniq_blork_the_orc
D:6:      layout_basic, lightli_church_of_beogh, uniq_sigmund
D:7:      layout_loops_ring, serial_shops, shop
D:8:      layout_layer_cave, nicolae_gozag_cash_rules_everything_around_me,
          gammafunk_temple_overflow_elements, uniq_erica
D:9:      layout_irregular_city, trog_book
D:10:     layout_irregular_city, uniq_harold, uniq_lodul, uniq_maurice
D:11:     layout_basic, nemelex_xobeh_ov_fountains_minmay
D:12:     layout_gridville, minmay_orc_entry_temple_small,
          gammafunk_ghost_mausoleum, uniq_kirke
D:13:     layout_loops_corners, skrybe_vaults_entry_preservation,
          gammafunk_ghost_smash, uniq_urug
D:14:     layout_loops_cross, hangedman_decor_riveting, minmay_misc_feat_iff,
          uniq_nessos
D:15:     grunt_enter_depths_snipers, layout_cave_pods,
          dreamdust_mushroom_princess, gauntlet_entry_generic,
          nicolae_dithmenos_through_a_glass_darkly
Temple:   hellmonk_temple_forest_ring
Lair:1:   hellmonk_destroyed_diamonds, layout_gridlike,
          chequers_serial_rivers_small_a, lemuel_fruit_fields,
          serial_bayou_shore_b
Lair:2:   nzn_winding_woodlands_small [nzn_winding_woodlands_5x15_pool,
          nzn_winding_woodlands_center_pierced_h,
          nzn_winding_woodlands_5x15_cabin], layout_hall_layers,
          nicolae_shoals_entry_roost, hellmonk_spider_entry_life_and_decay,
          gammafunk_ghost_grave, basic_altar, uniq_fannar
Lair:3:   beargit_carnivore_pack, layout_regular_city,
          maelrawn_ghost_gauntlet_escape, uniq_rupert
Lair:4:   layout_long_grid, slime_entry_1, lemuel_old_faithful,
          grunt_megastairs_5
Lair:5:   evilmike_catoblepas_cave, layout_layer_cave, st_stairs_5
Orc:1:    layout_diamond_mine, serial_shops, shop, nicolae_shop_real_fake_doors
Orc:2:    st_orc_pillars, layout_diamond_mine, uniq_snorg
Elf:1:    layout_loops_corners, hangedman_elven_crosses_minicolossus,
          uniq_roxanne
Elf:2:    nicolae_elf_blades_crystal_corner, layout_onion_city,
          ebering_ghost_gozag, nicolae_trove_entry_crossroad
Elf:3:    minmay_elf_hall_not_hex, layout_loops_corners, basic_altar

Skill      XL: |  1  2  3  4  5  6  7  8  9 10 11 12 13 14 15 16 17 18 |
---------------+-------------------------------------------------------+-----
Stealth        | 6 7 8 9 11 12 14 | 14.8
Short Blades   | 3 4 5 6 8 9 |  9.8
Dodging        | 2 3 4 5 7 9 10 13 16 19 | 19.3
Fighting       | 3 4 7 10 13 15 16 17 | 17.7
Armour         | 1 3 4 7 8 9 10 11 12 | 12.3
Long Blades    | 1 2 4 5 9 10 | 10.3
Throwing       | 3 5 |  5.7
Spellcasting   | 1 4 |  4.5
Evocations     | 5 7 10 12 13 | 13.6
Ranged Weapons | 1 2 |  2.2

Action                     |  1- 3 |  4- 6 |  7- 9 | 10-12 | 13-15 | 16-18 || total
---------------------------+-------+-------+-------+-------+-------+-------++-------
  Melee: Dagger            |    76 |    19 |   330 |   599 |  1863 |   734 ||  3621
         Short sword       |       |    58 |    30 |     8 |       |   157 ||   253
         Punch             |       |       |     5 |     6 |    41 |    11 ||    63
         Falchion          |       |       |       |    32 |       |       ||    32
         Scimitar          |       |       |       |    29 |     7 |     9 ||    45
         Unarmed           |       |       |       |     1 |       |       ||     1
         Long sword        |       |       |       |       |       |    14 ||    14
         Double sword      |       |       |       |       |       |   248 ||   248
   Fire: Sling             |       |       |       |       |       |     4 ||     4
  Throw: Dart              |       |       |       |     9 |    20 |     4 ||    33
         Throwing net      |       |       |       |     3 |     2 |     1 ||     6
 Invoke: Curse Item        |       |       |       |     4 |     3 |     1 ||     8
         Shatter the Chain |       |       |       |       |     1 |       ||     1
Ability: Evoke Invisibilit |       |       |       |       |       |     5 ||     5
  Evoke: Wand              |       |       |       |       |     2 |     3 ||     5
    Use: Scroll            |       |     5 |     1 |     6 |     6 |     4 ||    22
         Potion            |       |       |       |     2 |     1 |     1 ||     4
   Stab: Sleeping          |    11 |    34 |    27 |    61 |    76 |    76 ||   285
         Distracted        |     1 |       |     3 |     2 |     7 |    16 ||    29
         Held in net/web   |       |       |       |     2 |     6 |     2 ||    10
         Invisible         |       |       |       |       |       |     4 ||     4
 Armour: Robe              |    24 |    12 |       |       |       |       ||    36
         Leather armour    |       |       |    73 |       |       |       ||    73
         Ring mail         |       |       |     6 |   170 |   323 |   175 ||   674
  Dodge: Dodged            |    34 |    18 |   164 |   413 |  1191 |   944 ||  2764
